[Event "*** Titled Tuesday Blitz"]
[Site "Chess.com"]
[Date "2021.03.30"]
[Round "6"]
[White "Manukyan_Artak"]
[Black "horripile"]
[Result "1-0"]
[WhiteElo "2478"]
[BlackElo "2589"]
[TimeControl "180+1"]
[EndTime "11:07:53 PDT"]
[Termination "Manukyan_Artak won on time"]

1. e4 c5 2. Nf3 Nc6 3. c3 Nf6 4. e5 Nd5 5. d4 cxd4 6. cxd4 d6 7. Nc3 dxe5 8. dxe5 Nxc3 9. Qxd8+ Kxd8 10. bxc3 h6 11. Bb5 e6 12. a4 Bd7 13. O-O Bc5 14. Rd1 Kc7 15. Bf4 Rhd8 16. Nd4 a6 17. Bxc6 Bxc6 18. Nxc6 Kxc6 19. Kf1 Rd5 20. c4 Rdd8 21. Ke2 Rac8 22. Be3 Bxe3 23. Kxe3 Kc5 24. Rab1 b6 25. f4 Rxd1 26.
Rxd1 Rc7 27. Rb1 Rd7 28. g4 Rb7 29. Kd3 g5 30. fxg5 hxg5 31. Kc3 Rd7 32. Rf1 Rd4 33. Rxf7 Rxc4+ 34. Kb3 Rb4+ 35. Ka3 Rxg4 36. Re7 Kd5 37. Rb7 b5 38. axb5 axb5 39. Rxb5+ Ke4 40. Rb2 Kxe5 41.
Kb3 Rd4 42. Kc3 Rd6 43. Rf2 Ke4 44. Rf6 g4 45. Kc2 Ke5 46. Rf2 Rd8 47. Kc3 Rd4 48.
Rf8 Rf4 49. Rh8 Ke4 50. Kd2 Kf3 51. Kd3 e5 52. Rh5 e4+ 53. Kd2 e3+ 54. Ke1 Rf7 55.
Rh8 Ra7 56. Rf8+ Kg2 57. Ke2 Re7 58. Rh8 Re4 59. Rh4 Kg1 60. Rh8 Kg2 61. Rh4 Kg1 62. Rh8 Rf4 63. Kxe3 Rf3+ 64. Ke4 Kg2 65. Rg8 Kh3 66.
Rh8+ Kg2 67. Rg8 1-0

[Event "*** Titled Tuesday Blitz"]
[Site "Chess.com"]
[Date "2021.03.30"]
[Round "6"]
[White "Trankuilizer"]
[Black "Cambek64"]
[Result "0-1"]
[WhiteElo "2581"]
[BlackElo "2469"]
[TimeControl "180+1"]
[EndTime "11:07:53 PDT"]
[Termination "Cambek64 won by checkmate"]

1. e4 e6 2. d4 d5 3. Nd2 Nc6 4. Ngf3 Nf6 5. e5 Nd7 6. Bb5 a6 7. Bxc6 bxc6 8. O-O c5 9. c3 cxd4 10. cxd4 c5 11. Nb3 a5 12. Be3 a4 13. Nxc5 Nxc5 14. dxc5 Qa5 15. Rc1 Ba6 16. Re1 Be7 17. Nd4 O-O 18. Qg4 Rfc8 19. c6 Bf8 20. h4 Rab8 21. b3 Bd3 22. h5 axb3 23. axb3 Kh8 24. Qf3 Kg8 25. Ra1 Qc7 26. Qg3 Be4 27. f3 Bd3 28. Red1 Bb5 29. Rdc1 Bd3 30. Qf4 h6 31. Rc3 Bh7 32. Bf2 Be7 33. Qe3 Bg5 34. Qe2 Ra8 35. Ra6 Rxa6 36. Qxa6 Rb8 37. Bg3 Bd2 38. Rd3 Bxd3 39.
Qxd3 Bb4 40. Kh2 Bc5 41. Ne2 Qxc6 42. Nf4 Qb5 43. Qc2 Bf8 44. Qc7 Qxb3 45. Ne2 Qb7 46. Qc2 Rc8 47. Qd3 Rc4 48. Nd4 Qb4 49. Bf2 Qa4 50.
Ne2 Qc2 51. Qe3 Bc5 52. Qf4 Qxe2 53. Bh4 Rc2 54. Qg4 Qxe5+ 55. Bg3 Qe2 56. Bf4 Be3 57. Be5 Bg5 58. Bd6 Qf2 59. Bb8 Qh4+ 60. Qxh4 Bxh4 61. Kh3 Bf6 62. Bf4 d4 63. Bxh6 d3 64.
Bf4 d2 65. Bxd2 Rxd2 66. Kg3 Rd5 67. f4 Rxh5 68. Kf3 Rf5 69. g4 Rd5 70. g5 e5 71.
gxf6 gxf6 72. Ke4 Rd4+ 73. Kf5 Rxf4# 0-1

[Event "*** Titled Tuesday Blitz"]
[Site "Chess.com"]
[Date "2021.03.30"]
[Round "6"]
[White "Shield12"]
[Black "deribas12345"]
[Result "1-0"]
[WhiteElo "2815"]
[BlackElo "2605"]
[TimeControl "180+1"]
[EndTime "11:07:54 PDT"]
[Termination "Shield12 won on time"]

1. e4 e6 2. d4 d5 3. Nd2 c5 4. Ngf3 Nc6 5. exd5 exd5 6. Bb5 c4 7. O-O Bd6 8. b3 cxb3 9. axb3 Ne7 10. Re1 O-O 11.
c3 Bg4 12. h3 Bh5 13. Nf1 Qc7 14. Bd3 Bg6 15. Bxg6 Nxg6 16. Qd3 Rfe8 17. Bd2 a6 18. g3 Qd7 19. Kg2 Rxe1 20. Rxe1 Re8 21. Ne3 Nce7 22.
h4 h6 23. h5 Nf8 24. c4 dxc4 25. bxc4 b5 26. d5 Rc8 27. Nd4 bxc4 28. Nxc4 Nxd5 29. Nxd6 Qxd6 30. Qf3 Nf6 31. Be3 Qd5 32. g4 Ne6 33.
Nf5 Qxf3+ 34. Kxf3 Ra8 35. Ra1 a5 36. Ra4 Nd5 37. Bd2 Nc5 38. Rxa5 Rxa5 39. Bxa5 Kh7 40. Bd2 Ne6 41. Kg3 Nf6 42. f3 Nd7 43. Bc3 f6 44.
Nd6 Kg8 45. Kf2 Ndc5 46. Ke3 Nd7 47. Ke4 Ng5+ 48. Ke3 Kf8 49. f4 Nf7 50. Nf5 Nb6 51. Kd4 Kg8 52. Ba5 Nd7 53. Kd5 Nf8 54. Bb4 Nd8 55.
Nd4 Kf7 56. Bd6 Nfe6 57. Nb5 Nf8 58. f5 Nd7 59. Nd4 Nb7 60. Bf4 Na5 61. Kd6 Nb6 62.
Kc5 Nbc4 63. Kb5 Kg8 64. Ne6 Kf7 65. Bc7 Ne3 66. Kxa5 Nxg4 67. Bf4 Nf2 68. Kb5 Ne4 69.
Kc4 g6 70. hxg6+ 1-0

[Event "*** Titled Tuesday Blitz"]
[Site "Chess.com"]
[Date "2021.03.30"]
[Round "6"]
[White "MikeSailer"]
[Black "stepakyedael"]
[Result "1-0"]
[WhiteElo "2131"]
[BlackElo "2276"]
[TimeControl "180+1"]
[EndTime "11:07:55 PDT"]
[Termination "MikeSailer won on time"]

1. d4 Nf6 2. Nf3 g6 3. Bf4 Bg7 4. e3 d6 5. Be2 O-O 6. O-O Nbd7 7. h3 Qe8 8. c4 e5 9. Bh2 b6 10. Nc3 Bb7 11. a4 a6 12. a5 bxa5 13. Rxa5 Qe7 14. Qa1 Ne8 15. dxe5 dxe5 16. Nd5 Bxd5 17. cxd5 e4 18. Nd4 Be5 19. Nc6 Bxh2+ 20. Kxh2 Qd6+ 21. Kg1 f5 22. Bxa6 f4 23. exf4 Qxf4 24. d6 Nxd6 25.
Bc4+ Nxc4 26. Rxa8 Nd2 27. Rxf8+ Nxf8 28. Ne7+ Kf7 29. Nd5 Qe5 30. Ne3 Nxf1 31. Nxf1 Ne6 32. Ne3 Qd4 33. Qa2 Ke7 34. Nd5+ Kd6 35. Nc3 c6 36.
Qa3+ Kd7 37. Qa6 e3 38. fxe3 Qxe3+ 39. Kh1 Qe1+ 40. Kh2 Qe5+ 41. Kg1 Qe3+ 42. Kh2 Qf4+ 43. Kh1 Qc1+ 44. Kh2 Qxb2 45. Qa7+ Nc7 46. Qd4+ Kc8 47. Qg4+ Kb7 48. Ne4 Qe5+ 49. Kh1 Ne6 50. Qf3 Qa1+ 51. Kh2 Qe5+ 52. Kh1 Nf4 53. Qb3+ Kc7 54. Qf7+ Kb6 55. Qb3+ Qb5 56. Qe3+ Ka6 57. Qxf4 Qb1+ 58. Kh2 Qc2 59. Qe3 Qc4 60. Qa3+ Kb6 61. Qb2+ Kc7 62. Qg7+ Kb6 63. Qe7 Qd4 64. Qe6 1-0

[Event "*** Titled Tuesday Blitz"]
[Site "Chess.com"]
[Date "2021.03.30"]
[Round "6"]
[White "Aleksey_Sorokin"]
[Black "BogdanDeac"]
[Result "1/2-1/2"]
[WhiteElo "2768"]
[BlackElo "3010"]
[TimeControl "180+1"]
[EndTime "11:07:56 PDT"]
[Termination "Game drawn by agreement"]

1. d4 Nf6 2. c4 e6 3. Nf3 d5 4. g3 Be7 5. Bg2 O-O 6. O-O dxc4 7. Qc2 b6 8. Qxc4 Bb7 9. Nc3 c5 10. Rd1 cxd4 11. Qxd4 Qxd4 12. Nxd4 Bxg2 13. Kxg2 Rc8 14. Bf4 a6 15. Rd2 Nbd7 16. Rad1 b5 17. Be3 Bb4 18. Nb3 Ne5 19. Rd4 Bxc3 20. bxc3 Nd5 21. Bd2 Nc4 22. e4 Ndb6 23. Bc1 Na4 24. R1d3 Ne5 25. Re3 Nxc3 26. Bb2 Na4 27. Ba1 h5 28. Na5 Ng4 29. Re2 Rc1 30. Nb3 Rb1 31. h3 Ne5 32. Rdd2 Nc4 33. Rc2 Rd8 34.
Bd4 e5 35. Be3 Rdd1 36. Kf3 f6 37. g4 hxg4+ 38. hxg4 Kf7 39. g5 Rd7 40. gxf6 gxf6 41. Kg4 Rg1+ 42. Kf3 Rd3 43. Nd2 Nc3 44. Nxc4 bxc4 45.
Red2 Rd1 46. Rxd1 Nxd1 47. Rxc4 Nxe3 48. fxe3 Ra3 49. Rc2 a5 50. Rb2 Ke6 51. Rc2 Kd6 52. Re2 Ke6 53. Rb2 Rc3 54. Rb6+ Kf7 55. Rb5 Ra3 56. Rb2 Ke7 57. Rb7+ Ke8 58. Rb6 Rxa2 59. Rxf6 Ke7 60. Ra6 a4 61. Kg4 Rf2 62. Rxa4 Ke6 63.
Ra6+ Ke7 64. Rg6 Rf1 65. Rg5 Ke6 66. Rg6+ Ke7 67. Rb6 Rf2 68. Kg5 Rf1 69. Ra6 Rf3 70. Kg4 Rf1 71. Kg3 Rf8 72. Rb6 Rf1 73. Kg2 Re1 74.
Kf2 Ra1 75. Ke2 Ra3 76. Kf3 Ra1 77. Kg4 Rf1 78. Ra6 Rf2 79. Rb6 Rf1 80. Kg5 1/2-1/2

[Event "*** Titled Tuesday Blitz"]
[Site "Chess.com"]
[Date "2021.03.30"]
[Round "6"]
[White "chess94cu"]
[Black "TigrVShlyape"]
[Result "1-0"]
[WhiteElo "2602"]
[BlackElo "2789"]
[TimeControl "180+1"]
[EndTime "11:07:57 PDT"]
[Termination "chess94cu won on time"]

1. d4 Nf6 2. c4 e6 3. Nf3 b6 4. a3 Bb7 5. Nc3 d6 6. e3 g6 7. Bd3 Bg7 8. O-O O-O 9. e4 Nbd7 10. Qe2 c5 11. Rd1 cxd4 12. Nxd4 a6 13. Bg5 Qc7 14.
Rac1 Rac8 15. Nf3 Rfd8 16. h3 Qb8 17. Qe3 Re8 18. Bf4 Nh5 19. Bh6 Bh8 20. Bf1 Ba8 21. Qd2 Nc5 22. Qxd6 Nxe4 23. Qxb8 Rxb8 24. Nxe4 Bxe4 25.
Nd4 e5 26. Ne2 Ng7 27. b4 Nf5 28. Be3 Nxe3 29. fxe3 Bg7 30. Nc3 Ba8 31. Nd5 a5 32. e4 f5 33. Bd3 axb4 34. axb4 Bxd5 35. cxd5 Bf8 36. exf5 e4 37. Bc4 Bd6 38. fxg6 hxg6 39. b5 Kg7 40. Be2 Bc5+ 41. Kh2 Ra8 42. d6 Rad8 43. d7 Rf8 44. Bg4 Kf6 45. Rd5 e3 46.
Re1 Ra8 47. Re2 Ke7 48. Kg3 Bd6+ 49. Rxd6 Kxd6 50. Rxe3 Kc5 51. Re5+ Kc4 52. Re6 Kxb5 53. Rxg6 Kc5 54. Rg5+ Kc4 55. h4 Rab8 56. h5 b5 57. Be6+ Kd4 58. h6 Rh8 59. Rh5 Rb6 60. Bf5 Rd6 61. Kf4 b4 62. h7 b3 63. Rh1 Kc3 64.
g4 b2 65. g5 Rd5 66. g6 1-0

[Event "*** Titled Tuesday Blitz"]
[Site "Chess.com"]
[Date "2021.03.30"]
[Round "6"]
[White "Srisshhhtea"]
[Black "sganerdene"]
[Result "1-0"]
[WhiteElo "2370"]
[BlackElo "2632"]
[TimeControl "180+1"]
[EndTime "11:07:57 PDT"]
[Termination "Srisshhhtea won by resignation"]

1. e4 c5 2. Nf3 e6 3. d3 Nc6 4. Be2 Nf6 5. O-O Be7 6. Nbd2 O-O 7. c3 d6 8. d4 b6 9. a3 Bb7 10. Bd3 Qc7 11. Qe2 Nd7 12. Nc4 Rae8 13. Bf4 e5 14. dxe5 Ndxe5 15. Nfxe5 Nxe5 16. Bxe5 dxe5 17. Ne3 Bg5 18. Nf5 g6 19. Ng3 Rd8 20. Rad1 Kg7 21. Ba6 Ba8 22. Bc4 h5 23. Rfe1 Qe7 24. Nf1 Bc6 25. Bb5 Bb7 26. Ba6 Ba8 27. Bc4 Rxd1 28.
Rxd1 Rd8 29. f3 Bc6 30. Rd3 Rb8 31. Bd5 Bb5 32. c4 Bd7 33. Qd1 Rd8 34. Ng3 Bc8 35. Ne2 h4 36. Nc3 Bf4 37. Kh1 Qg5 38. Ne2 Be3 39. b4 h3 40. g3 Bf2 41. Qf1 Bd4 42. Nxd4 cxd4 43. f4 Qf6 44. Rf3 Bg4 45. Rf2 Rxd5 46.
fxe5 Qxe5 47. exd5 Qe4+ 48. Kg1 f5 49. d6 Qe6 50. c5 bxc5 51. bxc5 Qd5 52. Qd3 Qxc5 53. d7 Qd5 54. Rd2 Qxd7 55. Qxd4+ Qxd4+ 56. Rxd4 a6 57. Kf2 g5 58. Rd7+ Kf6 59. Rd6+ Ke5 60. Rxa6 f4 61. gxf4+ Kxf4 62. Ra5 Bf5 63. Ra4+ Be4 64. Rb4 g4 65. a4 Ke5 66. Kg3 Bf3 67. a5 Kd6 68. a6 Kc7 69. a7 1-0

[Event "*** Titled Tuesday Blitz"]
[Site "Chess.com"]
[Date "2021.03.30"]
[Round "6"]
[White "UCantHandleDenker"]
[Black "dpruess"]
[Result "0-1"]
[WhiteElo "2521"]
[BlackElo "2353"]
[TimeControl "180+1"]
[EndTime "11:07:58 PDT"]
[Termination "dpruess won by checkmate"]

1. Nf3 Nf6 2. d3 d5 3. g3 c5 4. Bg2 Nc6 5. O-O e5 6. Nbd2 Be7 7. e4 d4 8. Nc4 Nd7 9. a4 b6 10. Ne1 Rb8 11. f4 O-O 12. Nf3 f6 13. Bh3 a6 14. Nh4 Qe8 15. Nf5 b5 16. axb5 axb5 17. Ncd6 Bxd6 18. Nxd6 Qe7 19. Nxc8 Rfxc8 20. Qg4 Rc7 21.
Bd2 c4 22. Qe6+ Kf8 23. Ra6 Qxe6 24. Bxe6 Nc5 25. Rxc6 Rxc6 26. Bd5 Rc7 27. Bb4 Ke8 28. Ra1 cxd3 29. cxd3 Na4 30. b3 Nc5 31. Kg2 Kd7 32. Bxc5 Rxc5 33. Ra6 Ke7 34. Ra7+ Kd6 35. Ra6+ Kd7 36.
Ra7+ Rc7 37. Ra6 Ke7 38. Kf3 Rbc8 39. Kg4 Rc3 40. fxe5 fxe5 41. Re6+ Kf8 42. Rxe5 Rxd3 43. Rf5+ Ke8 44. Rf7 Re3 45. Rxg7 d3 46. Rg8+ Kd7 47. Be6+ Kxe6 48. Rxc8 Ke5 49. Re8+ Kd4 50. Kf4 Re2 51.
Rd8+ Kc3 52. e5 d2 53. Kf5 Re3 54. e6 Rf3+ 55. Kg5 Re3 56. Kf6 Rf3+ 57. Kg5 Re3 58. Kf6 Rd3 59. Rxd3+ Kxd3 60. e7 d1=Q 61. e8=Q Qxb3 62.
Qd7+ Kc2 63. Qxh7+ Qd3 64. Qxd3+ Kxd3 65. h4 b4 66. h5 b3 67. h6 b2 68. h7 b1=Q 69. Kg7 Qb2+ 70. Kg8 Qb8+ 71. Kg7 Qc7+ 72.
Kg8 Qd8+ 73. Kg7 Qe7+ 74. Kg8 Qe8+ 75. Kg7 Qe7+ 76. Kg8 Qg5+ 77. Kf7 Qh5+ 78. Kg7 Qg5+ 79. Kh8 Qh6 80. g4 Qf8# 0-1

[Event "*** Titled Tuesday Blitz"]
[Site "Chess.com"]
[Date "2021.03.30"]
[Round "6"]
[White "WisdomGame"]
[Black "BvsN"]
[Result "1-0"]
[WhiteElo "2038"]
[BlackElo "2373"]
[TimeControl "180+1"]
[EndTime "11:08:01 PDT"]
[Termination "WisdomGame won by checkmate"]

1. e4 c5 2. Nf3 e6 3. d4 cxd4 4. Nxd4 a6 5. f4 b5 6. Be3 Bb7 7. Nd2 Nf6 8. Bd3 Nc6 9. c3 d6 10. O-O e5 11. Nxc6 Bxc6 12. Qc2 Be7 13. Nf3 Ng4 14. Bc1 O-O 15. h3 Nf6 16. fxe5 dxe5 17. Nxe5 Bb7 18. Nf3 Qb6+ 19. Kh2 h6 20. e5 Nd5 21.
Be4 Rac8 22. Rd1 Rfd8 23. Qb3 Rc4 24. Bd3 Rcc8 25. Be4 Nc7 26. Bxb7 Qxb7 27. Be3 Ne6 28. Nd4 Nc5 29. Qc2 Ne4 30. Nf5 Bf8 31. Bf4 Nc5 32. Nd6 Bxd6 33. exd6 Ne6 34. Bg3 h5 35. Qf5 h4 36.
Bxh4 Rd7 37. Be7 Rc5 38. Qf2 Qe4 39. Rf1 Qe5+ 40. Kh1 f6 41. Rae1 Qd5 42. Rxe6 Rc4 43. Ree1 Qf7 44. Qe2 Rc8 45. Qe6 Qxe6 46. Rxe6 Rc4 47.
Rfe1 b4 48. R6e4 Rc8 49. Rxb4 Kf7 50. Rb6 Kg6 51. Rxa6 Rc4 52. Rd1 Kh5 53. Rd4 Rc5 54.
Rda4 g5 55. R6a5 Rc8 56. Ra8 Rc5 57. Kh2 f5 58. Rh8+ Kg6 59. Raa8 f4 60. Rag8+ Kf5 61.
Rd8 Rb7 62. d7 g4 63. Rdf8+ Ke4 64. d8=Q g3+ 65. Kh1 Rxb2 66. Qd1 Rd5 67. Qe1+ Kd3 68. Rxf4 Re5 69. Rd4+ Kc2 70. Qd1+ Kxc3 71. Rc8+ Rc5 72.
Rxc5# 1-0

[Event "*** Titled Tuesday Blitz"]
[Site "Chess.com"]
[Date "2021.03.30"]
[Round "6"]
[White "CSB7"]
[Black "SantoBlue"]
[Result "1-0"]
[WhiteElo "2684"]
[BlackElo "2804"]
[TimeControl "180+1"]
[EndTime "11:08:05 PDT"]
[Termination "CSB7 won by resignation"]

1. e4 e5 2. Nf3 Nc6 3. Bb5 a6 4. Ba4 Nf6 5. O-O Be7 6. d3 b5 7. Bb3 O-O 8. Nc3 d6 9. a3 Be6 10. Nd5 Nd4 11. Nxd4 exd4 12. Nxf6+ Bxf6 13. Bxe6 fxe6 14. a4 Qd7 15. b3 c5 16. Qg4 Qf7 17. f4 Be7 18. Bd2 Qg6 19. Qxg6 hxg6 20. Kf2 g5 21. Ke2 gxf4 22. Rxf4 Bf6 23. g3 Rfc8 24. Rff1 Kf7 25. Ra2 Ke7 26. Rfa1 b4 27. Rf1 Rh8 28. Rf2 Rh3 29. Kf1 Rah8 30. Kg1 Be5 31. Rg2 Kf6 32. Ra1 g5 33. Rf1+ Kg6 34. Rff2 R3h7 35. Rf1 a5 36. h4 Bf6 37. Rgf2 Bd8 38. Bxg5 Bxg5 39. hxg5 Rh1+ 40. Kg2 R8h2+ 41. Kf3 Rxf1 42. Rxf1 Kxg5 43. Rf2 Rh1 44. Ke2 Kg4 45. Rf6 Rh2+ 46. Kd1 Kxg3 47. Rxe6 Kf3 48. Rxd6 Ke3 49. Kc1 Rg2 50. Rc6 Rg5 51. Kb2 Kd2 52. Rf6 Rg2 53. Rf5 c4 54. bxc4 Kd1 55. Rf1+ Ke2 56.
Rc1 Kd2 57. Ra1 Rg5 58. Kb3 Rg2 59. Rh1 Rg5 60. Rh2+ Kc1 61. Rh1+ Kd2 62. Rf1 Rh5 63. Rg1 Rc5 64. Rg6 Rh5 65. Rd6 Rh1 66. c5 Rc1 67. Rxd4 Rxc2 68. Rc4 Rc3+ 69. Kb2 Rxd3 70. c6 Rd8 71. c7 Rc8 72. e5 Kd3 73. Rc1 Kd4 74. e6 Kd5 75. e7 Kd6 76. e8=Q Rxe8 77. c8=Q 1-0

[Event "*** Titled Tuesday Blitz"]
[Site "Chess.com"]
[Date "2021.03.30"]
[Round "6"]
[White "Titus369"]
[Black "chessmachine14"]
[Result "1-0"]
[WhiteElo "2525"]
[BlackElo "2325"]
[TimeControl "180+1"]
[EndTime "11:08:09 PDT"]
[Termination "Titus369 won by checkmate"]

1. e4 c5 2. Nf3 e6 3. d4 cxd4 4. Nxd4 Nf6 5. Nc3 d6 6. g3 Be7 7. Bg2 O-O 8. O-O Nc6 9. Nxc6 bxc6 10. e5 Nd5 11. exd6 Bxd6 12. Ne4 Be7 13. c4 Nb6 14. b3 a5 15. Be3 a4 16. Qxd8 Bxd8 17. Bc5 Re8 18. Nd6 Re7 19. Nxc8 Rxc8 20. Bxe7 Bxe7 21. Rfd1 Kf8 22. Rac1 Ke8 23. c5 Nd5 24. Bxd5 exd5 25.
b4 Rb8 26. a3 Kd7 27. Rd3 Bg5 28. Re1 h5 29. Kg2 g6 30. h4 Be7 31. Rf3 f6 32. Rfe3 Re8 33. b5 cxb5 34. c6+ Kxc6 35. Rxe7 Rd8 36.
Rc1+ Kd6 37. Rb7 d4 38. Rxb5 d3 39. Rb4 Ke5 40. Re1+ Kd5 41. Rd1 Kc5 42. Rxa4 d2 43.
Rb4 Rd3 44. Rb2 Rxa3 45. Rbxd2 Ra6 46. Rd5+ Kc4 47. Rd6 Ra2 48. Rxf6 Rb2 49. Rxg6 Kc5 50. Rg5+ Kc6 51. Rxh5 Kc7 52. Rdd5 Kc6 53. Rdg5 Kd6 54.
Rg6+ Ke7 55. Rh7+ Kf8 56. Rgg7 Re2 57. Ra7 Re8 58. Raf7+ Kg8 59. Rfg7+ Kf8 60. Rf7+ Kg8 61. Rfg7+ Kf8 62. Rh8+ Kxg7 63. Rxe8 Kh6 64. Re5 Kg6 65. Rg5+ Kf6 66. Kh3 Kf7 67. Kh2 Kf8 68. Kh1 Kf7 69.
Kg1 Kf6 70. Kf1 Kf7 71. Ke2 Kf8 72. Ke3 Kf7 73. Kd4 Kf6 74. Ke4 Kf7 75. Kf4 Kf8 76. f3 Kf7 77. Kg4 Kf6 78. Kh3 Kf7 79. Kg2 Kf8 80.
Kf2 Kf7 81. Ke2 Kf6 82. Kd2 Kf7 83. Kc2 Kf8 84. Kb2 Kf7 85. Kb1 Kf6 86. Ka1 Kf7 87. Ka2 Kf8 88. Ka3 Kf7 89. Ka4 Kf6 90. Ka5 Kf7 91. Ka6 Kf8 92. Ka7 Kf7 93. Ka8 Kf6 94. Kb8 Kf7 95. Kb7 Kf8 96. Kb6 Kf7 97. g4 Kf6 98. Kb5 Kf7 99. Kb4 Kf8 100. Kb3 Kf7 101. Kb2 Kf6 102. Kb1 Kf7 103. Ka1 Kf8 104. Ka2 Kf7 105. Ka3 Kf6 106. Ka4 Kf7 107. Ka5 Kf8 108. Ka6 Kf7 109. Ka7 Kf6 110. Ka8 Kf7 111. Kb8 Kf8 112. Kb7 Kf7 113.
Kb6 Kf6 114. Kb5 Kf7 115. Kb4 Kf8 116. Kb3 Kf7 117. Kb2 Kf6 118. Kb1 Kf7 119. Kc1 Kf8 120. Kc2 Kf7 121. Kc3 Kf6 122. Kc4 Kf7 123. Kc5 Kf8 124. Kc6 Ke7 125. Kc7 Kf7 126. Kc8 Kf6 127. Kd8 Kf7 128. Kd7 Kf8 129. Kd6 Kf7 130. Kd5 Kf6 131. Kd4 Kf7 132. Ke4 Kf8 133. Kf4 Kf7 134. h5 Kf6 135. Rg6+ Kf7 136. Kg5 Kf8 137. Kh4 Kf7 138. Kh3 Kf8 139. Kh2 Kf7 140. Kh1 Kf8 141. Kg1 Kf7 142. Kf1 Kf8 143. Ke1 Kf7 144. Kd1 Kf8 145. Kc1 Kf7 146. Kb1 Kf8 147. Ka1 Kf7 148. Ka2 Kf8 149. Kb2 Kf7 150. Kc2 Kf8 151. Kd2 Kf7 152. Ke2 Kf8 153. Kf2 Kf7 154. Kg3 Kf8 155. Kh3 Kf7 156. Kh2 Kf8 157. f4 Kf7 158. Kh1 Kf8 159. Kg1 Kf7 160. Kf1 Kf8 161. Ke1 Kf7 162. Kd1 Kf8 163. Kc1 Kf7 164. Kb1 Kf8 165. Ka1 Kf7 166. f5 Kf8 167. h6 Kf7 168. Ka2 Kf8 169. Ka3 Kf7 170. Ka4 Kf8 171. Ka5 Kf7 172. Ka6 Kf8 173. Ka7 Kf7 174. Ka8 Kf8 175. Kb8 Kf7 176. Kb7 Kf8 177. Kc7 Kf7 178. Kc6 Kf8 179. Kc5 Kf7 180.
Kc4 Kf8 181. Kc3 Kf7 182. Kc2 Kf8 183. Kc1 Kf7 184. Kd1 Kf8 185. Ke1 Kf7 186. Kf2 Kf8 187. Kg3 Kf7 188. Kh4 Kf8 189. Kh5 Kf7 190. Kg5 Kf8 191. Rg7 Ke8 192. Kh5 Kf8 193. Kh4 Ke8 194. Kh3 Kf8 195. Kh2 Ke8 196. f6 Kf8 197. g5 Ke8 198. g6 Kf8 199. h7 Ke8 200. h8=Q# 1-0

[Event "*** Titled Tuesday Blitz"]
[Site "Chess.com"]
[Date "2021.03.30"]
[Round "6"]
[White "ErikBlomqvist"]
[Black "Oglob71"]
[Result "1-0"]
[WhiteElo "2599"]
[BlackElo "2399"]
[TimeControl "180+1"]
[EndTime "11:08:23 PDT"]
[Termination "ErikBlomqvist won on time"]

1. e4 c5 2. Nf3 d6 3. d4 cxd4 4. Qxd4 a6 5. Be2 Nc6 6. Qe3 Nf6 7.
O-O g6 8. h3 Bg7 9. Rd1 Qa5 10.
c4 O-O 11. Nc3 Re8 12. Bd2 Be6 13. Nd5 Qd8 14. Bc3 Bxd5 15. cxd5 Nb8 16. e5 dxe5 17. Nxe5 Nfd7 18. Nxf7 Qb6 19. Qxb6 Nxb6 20. Bxg7 Kxg7 21. Ng5 N8d7 22. Ne6+ Kf7 23. Nc7 Nf6 24. Rac1 Rad8 25.
Nxe8 Nxe8 26. Bg4 h5 27. Be6+ Kf6 28. Rd3 Nd6 29. Rf3+ Kg7 30. b3 Rf8 31. Rxf8 Kxf8 32. a4 a5 33. Rc5 Na8 34. Rxa5 Nc7 35. Rc5 Nce8 36. g3 Kg7 37. b4 Ne4 38. Rc4 N8d6 39.
Rc7 Kf6 40. Kg2 g5 41. f3 Nd2 42. a5 Nb3 43. f4 gxf4 44. gxf4 Nd4 45. Rc3 Ne2 46.
Re3 Nxf4+ 47. Kg3 Ng6 48. h4 Ne5 49. Kf4 Ng6+ 50. Kg3 Ne5 51. Re1 Nd3 52. Rb1 Ke5 53. b5 Nc5 54. Re1+ Kd4 55. Kf4 Nxb5 56. Kg5 Nd3 57. Rb1 Nd6 58. Kxh5 Ke5 59. Kg6 Nf4+ 60.
Kg7 Nh5+ 61. Kf8 Nf4 62. Re1+ Kf6 63. Rf1 Ke5 64. Kxe7 Ne4 65. Re1 Ng6+ 66. Kd8 Nxh4 67. Kc7 Ng6 68. Kxb7 Nf4 69. a6 Nd3 70. Rxe4+ Kxe4 71.
a7 Nc5+ 72. Kc8 Nd3 73. a8=Q Ne5 74. d6+ Kf4 75. Qd5 Nf3 76. d7 Ng5 77. Qxg5+ Kxg5 78. d8=Q+ Kf4 79. Qf6+ Ke4 80. Qf5+ 1-0

[Event "*** Titled Tuesday Blitz"]
[Site "Chess.com"]
[Date "2021.03.30"]
[Round "6"]
[White "tusplingher"]
[Black "MartinHollan"]
[Result "1/2-1/2"]
[WhiteElo "2287"]
[BlackElo "2410"]
[TimeControl "180+1"]
[EndTime "11:08:53 PDT"]
[Termination "Game drawn by stalemate"]

1. e4 e5 2. Bc4 Nf6 3. d4 d5 4. exd5 exd4 5. Qxd4 Bd6 6. Nf3 O-O 7. O-O Bg4 8. Bg5 Bxf3 9. gxf3 Nbd7 10. Nc3 Be5 11. Qh4 h6 12. Bf4 g5 13. Bxg5 hxg5 14. Qxg5+ Kh8 15.
Qh6+ Nh7 16. Kh1 Qf6 17. Qh3 Nb6 18. Bd3 Qg7 19. Rg1 Rg8 20. Rxg7 Rxg7 21. Ne4 Nxd5 22. Rg1 Rxg1+ 23. Kxg1 Rg8+ 24. Kf1 Nf4 25. Qf5 Nxd3 26. cxd3 Bxh2 27. Qxf7 Rg7 28. Qe8+ Rg8 29. Qh5 Bd6 30. Nf6 Rg7 31. Qe8+ Nf8 32. Qh5+ Nh7 33. Ne8 Re7 34. Nxd6 cxd6 35. Qg6 d5 36. Qd6 Rf7 37. Qxd5 Kg7 38. Ke2 Nf6 39. Qg5+ Kf8 40. Kd2 b6 41. Qe5 Ne8 42. f4 Re7 43. Qg5 Rg7 44. Qd8 Kf7 45. f5 Kf8 46. f6 Rf7 47. d4 Rxf6 48. Kc3 Rd6 49. Qg5 Rd7 50. Qf5+ Rf7 51. Qe5 Re7 52. Qb8 Kf7 53. f4 Nf6 54. f5 Nd5+ 55. Kb3 Ne3 56. Qd6 Nxf5 57. Qd5+ Kf6 58. Qf3 Ke6 59. d5+ Kf6 60.
Ka4 Rd7 61. Kb5 Ke5 62. Qe2+ Kxd5 63. Qd3+ Ke6 64. Qe4+ Kf6 65. Qc6+ Ke7 66. Qe4+ Kf6 67. Ka6 Nd6 68. Qd4+ Ke7 69. Qe5+ Kd8 70. Qh8+ Ke7 71. Qg7+ Ke6 72. Qg8+ Ke7 73. Qg5+ Ke6 74. Qg4+ Ke7 75. b4 Nf7 76. Qe4+ Kd8 77. b5 Nd6 78. Qc6 Ke7 79. a4 Kd8 80. Qd5 Nf7 81. Qa8+ Ke7 82. Qxa7 Rxa7+ 83.
Kxa7 Nd6 84. Kxb6 Kd7 85. a5 Kc8 86. a6 Kb8 87. Kc6 Nxb5 88. Kxb5 Ka7 89. Ka5 Ka8 90. Kb6 Kb8 91. a7+ Ka8 92. Ka6 1/2-1/2

[Event "*** Titled Tuesday Blitz"]
[Site "Chess.com"]
[Date "2021.03.30"]
[Round "6"]
[White "BilodeauA"]
[Black "Jumbo"]
[Result "1/2-1/2"]
[WhiteElo "2922"]
[BlackElo "2807"]
[TimeControl "180+1"]
[EndTime "11:09:20 PDT"]
[Termination "Game drawn - insufficient material"]

1. d4 d5 2. Nc3 e6 3. Bf4 Nf6 4.
Nb5 Na6 5. e3 c6 6. Nc3 Nc7 7.
Bd3 c5 8. dxc5 Bxc5 9. Qf3 Bd6 10. Bxd6 Qxd6 11. Qg3 Qxg3 12. hxg3 b6 13. Nf3 Bb7 14. a4 a5 15. Ne2 Ke7 16. Ned4 h6 17. O-O Na6 18. c3 Nc5 19. Bc2 Rhc8 20. Rfd1 Ne8 21. Ne5 Nd6 22. f3 Nd7 23. Nxd7 Kxd7 24. Kf2 Ke7 25.
g4 Rc5 26. Bd3 Bc8 27. Nb3 Rc7 28. Nd4 Bd7 29. Be2 Rc5 30. Nb3 Rc7 31. Nd4 e5 32. Nc2 Be6 33. Na3 Rd8 34. Rd2 Nb7 35. Nb5 Rcd7 36.
b4 Rc8 37. Rb1 Nd6 38. bxa5 bxa5 39. Nxd6 Rxd6 40. Rb5 Rxc3 41. Rxa5 Ra3 42. Bb5 Kf6 43. Ra7 Rb6 44. Rc7 Rd6 45. Rcc2 d4 46. exd4 exd4 47. Rc5 g6 48. Kg3 d3 49. Kf2 Bb3 50. Rc3 Rd4 51. Ke3 Rb4 52. Rdxd3 h5 53. gxh5 gxh5 54. Rc7 Ra2 55. Ra7 Bxa4 56. Rd6+ Kg7 57. Bd3 Bb3 58. Rxa2 Bxa2 59. Ra6 Be6 60. Ra5 h4 61. Rh5 Kf6 62. Be4 Rb2 63. Rh6+ Kg7 64. Rxh4 Rxg2 65. Kf4 Rb2 66. Rh7+ Kf6 67. Rh1 Ke7 68. Ke5 Rb5+ 69. Kf4 Rb4 70. Rc1 f5 71. Rb1 Ra4 72. Rb7+ Kf6 73.
Rb6 fxe4 74. fxe4 Ra5 75. Rb2 Rh5 76. Rf2 Ra5 77. Rh2 Ke7 78. Rh7+ Kd6 79. Rh8 Ra1 80.
Rd8+ Ke7 81. Rb8 Kf6 82. Rb6 Rf1+ 83. Ke3 Ke5 84. Rb5+ Kd6 85. Rb6+ Kd7 86. Ra6 Rd1 87.
Kf4 Rb1 88. Ra7+ Kd6 89. Ra6+ Ke7 90. Ra7+ Bd7 91. Ke3 Rb5 92. Ra1 Ke6 93. Kd4 Kd6 94.
Rh1 Rb4+ 95. Ke3 Bc6 96. Rh4 Kc5 97. Rh5+ Kb6 98. Rh4 Ra4 99. Rg4 Kc5 100. Rh4 Kc4 101. e5+ Kb5 102. Rxa4 Kxa4 103. Kd4 Kb5 104. e6 Kb6 105. e7 Kc7 106. e8=Q Bxe8 1/2-1/2